Map: Abyssal Reef LE

Players

LiquidTLO (TLO)

  • Race: Zerg Zerg
  • League: Master
  • Spawn Location: 5:00

Gumiho - Winner!

  • Race: Terran Terran
  • League: Master
  • Spawn Location: 11:00

Event: HomeStory Cup XV

VOD

Have the link to the VOD?

Description

Time

  • Played on: July 22, 2017, 3:35 p.m.
  • Length: 7:09

All games in this series

Show
View Real Time Build Order
Export as new Build Order

LiquidTLO Zerg 

Build Orders: Pool First 

Get SALT Encoding   

  12  0:00  Drone  
  13  0:13  Overlord  
  13  0:18  Drone  
  14  0:31  Drone  
  14  0:32  Drone  
  14  0:35  Drone  
  17  0:44  Spawning Pool  
  17  0:48  Drone  
  17  0:56  Drone  
  18  1:12  Hatchery  
  18  1:16  Drone  
  18  1:22  Extractor  
  17  1:31  Zergling x4  
  19  1:33  Queen  
  19  1:39  Overlord  
  21  1:54  Drone  
  22  2:03  Drone  
  23  2:09  Queen  
  23  2:12  Zergling x2  
  26  2:23  Drone  
  26  2:24  Drone  
  26  2:28  Queen  
  26  2:29  Metabolic Boost  
  29  2:33  Drone  
  29  2:35  Drone  
  31  2:43  Zergling x2  
  32  2:45  Extractor  
  32  2:47  Spine Crawler  
  32  2:49  Drone  
  31  2:55  Drone  
  31  2:56  Drone  
  31  2:57  Zergling x2  
  35  3:02  Zergling x2  
  36  3:09  Queen  
  36  3:14  Overlord  
  36  3:26  Queen  
  35  3:28  Drone  
  35  3:31  Overlord  
  35  3:35  Drone x3  
  35  3:41  Drone x2  
  39  3:44  Drone  
  39  3:45  Drone  
  39  3:47  Zergling x2  
  42  3:50  Zergling x2  
  43  4:00  Zergling x2  
  44  4:05  Hatchery  
  44  4:06  Zergling x2  
  44  4:17  Drone  
  45  4:18  Drone x2  
  45  4:19  Overlord  
  45  4:20  Evolution Chamber, Zergling x2  
  47  4:24  Zergling x2  
  47  4:26  Drone  
  49  4:33  Drone x2  
  49  4:37  Queen x2  
  55  4:44  Zergling x2  
  56  4:46  Overlord  
  56  4:50  Zerg Ground Armor Level 1, Extractor  
  55  4:54  Drone x2  
  55  4:58  Drone x2  
  59  5:03  Overlord  
  59  5:04  Evolution Chamber  
  59  5:05  Drone  
  59  5:08  Drone  
  59  5:09  Drone  
  59  5:11  Drone  
  62  5:15  Drone  
  62  5:19  Drone  
  62  5:20  Drone  
  65  5:25  Drone  
  65  5:28  Zergling x2  
  67  5:30  Drone  
  67  5:31  Spore Crawler  
  67  5:35  Overlord  
  67  5:40  Overlord  
  67  5:44  Overlord  
  67  5:50  Hatchery, Overlord  
  67  5:54  Zergling x2  
  67  5:55  Zergling x2  
  67  5:56  Zergling x4  
  67  5:58  Drone  
  67  6:02  Zergling x2  
  67  6:04  Zergling x4  
  71  6:05  Zergling x2  
  71  6:07  Zergling x2  
  71  6:10  Zergling x2  
  72  6:12  Queen  
  72  6:13  Zergling x2  
  72  6:15  Zergling x2  
  72  6:16  Zergling x2  
  73  6:18  Zergling x2  
  73  6:21  Zergling x4  
  70  6:30  Zergling x2  
  70  6:31  Zergling x2  
  68  6:34  Zergling x2  
  68  6:35  Zergling x2  
  64  6:40  Zergling x2  
  64  6:43  Zergling x2  
  64  6:45  Zergling x4  
  59  6:49  Zergling x2  
  59  6:51  Drone  
  59  6:52  Drone  
Show
View Real Time Build Order
Export as new Build Order

Gumiho Terran - Winner!

Build Orders:  

Get SALT Encoding   

  12  0:00  SCV  
  13  0:12  SCV  
  14  0:17  Supply Depot  
  14  0:24  SCV  
  15  0:39  SCV, Barracks  
  16  0:45  Refinery  
  16  0:51  SCV  
  17  1:02  Barracks  
  17  1:05  SCV  
  18  1:17  SCV  
  19  1:28  Reaper  
  19  1:30  Orbital Command  
  20  1:37  Barracks  
  20  1:43  Refinery  
  20  1:49  Reaper  
  21  1:55  Supply Depot  
  21  2:00  SCV  
  22  2:05  Reaper  
  23  2:17  SCV  
  23  2:19  Supply Depot  
  23  2:21  Reaper  
  25  2:29  SCV  
  26  2:32  Reaper  
  27  2:38  Reaper  
  27  2:41  SCV  
  29  2:53  SCV  
  30  3:04  Command Center  
  30  3:05  SCV, Reaper x2  
  33  3:16  Reaper  
  33  3:17  SCV  
  35  3:20  Supply Depot  
  35  3:30  SCV  
  34  3:39  Factory  
  35  3:41  Reaper x2  
  35  3:42  SCV  
  37  3:49  Refinery  
  37  3:50  Reaper  
  37  3:54  SCV, Refinery  
  39  4:06  SCV  
  40  4:16  Orbital Command  
  40  4:17  Reaper  
  42  4:18  SCV  
  43  4:26  Starport  
  43  4:27  Factory Reactor  
  43  4:30  Marine, SCV  
  44  4:33  Reaper  
  45  4:42  SCV  
  45  4:44  SCV  
  47  4:48  Reaper  
  47  4:49  Reaper  
  49  4:54  SCV  
  49  4:55  Supply Depot  
  49  4:56  SCV  
  51  5:06  SCV  
  52  5:08  Supply Depot  
  52  5:09  Medivac x2, Factory Reactor  
  52  5:10  SCV  
  52  5:12  Supply Depot  
  57  5:14  Supply Depot  
  57  5:16  Marine  
  57  5:18  SCV  
  57  5:20  Marine x2  
  61  5:22  SCV  
  61  5:25  Liberator x2  
  62  5:31  SCV  
  62  5:34  SCV  
  64  5:36  Marine  
  64  5:38  Marine x2, Supply Depot  
  73  5:43  SCV  
  73  5:46  Hellion, SCV  
  73  5:48  Hellion  
  79  5:53  Armory  
  79  5:58  Marine x3  
  82  6:10  Hellion x2  
  86  6:21  Marine x2  
  86  6:24  Marine  
  86  6:25  SCV x2  
  91  6:31  Hellion x2  
  102  6:45  Marine x2  
Tags
 
Add a new tag
Caveats
  • Supply blocks, unpowered buildings, or Contaminate may cause inaccurate times.
  • Supply counts are checked every 10 seconds.